 Dungeon Sprint DCSS version 0.23.1 (webtiles) character file.

Game seed: 12414240588821927685

4400000 Gingerlord the Conqueror (level 25, -1/187 HPs)
             Began as a Gargoyle Fighter on Mar 8, 2019.
             Was the Champion of Makhleb.
             Slain by a destroyer
             ... wielding a +9 great sword of slicing
              (5 damage)
             ... in the Dungeon (Sprint VIII: "Arena of Blood").
             The game lasted 00:01:42 (44 turns).

Gingerlord the Conqueror (Gargoyle Fighter)           Turns: 44, Time: 00:01:42

Health: -1/187     AC: 32    Str: 23    XL:     25   Next: 7%
Magic:  23/54      EV: 30    Int: 10    God:    Makhleb [******]
Gold:   0          SH:  0    Dex: 17    Spells: 78/78 levels left

rFire    . . .     SeeInvis .   k - +∞ Axe of Woe
rCold    . . .     Gourm    .   (shield currently unavailable)
rNeg     + . .     Faith    .   a - +0 scale mail
rPois    ∞         Spirit   .   (no helmet)
rElec    +         Reflect  .   (no cloak)
rCorr    .         Harm     .   (no gloves)
MR       +....     NoTele   +   (no boots)
Stlth    ++++++++..             (no amulet)
HPRegen  0.41/turn              (no ring)
MPRegen  0.34/turn              (no ring)

@: no status effects
A: big wings, negative energy resistance 1, electricity resistance, unbreathing,
petrification resistance, rot immunity, AC +19
a: Fly, Minor Destruction, Lesser Servant of Makhleb, Major Destruction, Greater
Servant of Makhleb, Renounce Religion


You were in the Dungeon.
You worshipped Makhleb.
Makhleb was exalted by your worship.
You were not hungry.

You visited 1 branch

Inventory:

Hand Weapons
 k - the +∞ Axe of Woe (weapon)
   (You found it in the Dungeon)
Armour
 a - a +0 scale mail (worn)
 b - a +0 shield
Scrolls
 j - a scroll of blinking
Potions
 c - a potion of might
 e - a potion of curing
 f - a potion of heal wounds
 g - a potion of haste
 h - 2 potions of magic
 i - a potion of berserk rage
Comestibles
 d - a ration


   Skills:
 O Level 27 Fighting
 O Level 27 Axes
 O Level 27 Throwing
 O Level 27 Armour
 O Level 27 Dodging
 O Level 27 Stealth
 O Level 27 Shields
 O Level 27 Unarmed Combat
 O Level 27 Spellcasting
 O Level 27 Invocations


You had 78 spell levels left.
You didn't know any spells.
Your spell library was empty.

Dungeon Overview and Level Annotations

Branches:
Dungeon (1/1)

Altars:
Makhleb


Innate Abilities, Weirdness & Mutations

You are resistant to torment.
Your stone body is resilient. (AC +19)
You are immune to poison.
Your large and strong wings let you fly indefinitely.
You resist negative energy. (rN+)
You are resistant to electric shocks. (rElec)
You can survive without breathing.
You are immune to petrification.
You are immune to rotting.


Message History

You kill the bag of meat!
Makhleb accepts your kill.
You hit the bag of meat but do no damage.
You chop the bag of meat into pieces.
You kill the bag of meat!
Makhleb accepts your kill.
You slice the bag of meat!!
You cleave the bag of meat in twain.
You kill the bag of meat!
Makhleb accepts your kill.
You have reached level 25!
You hear a shout!
A bag of meat comes into view. It is wielding a +9 war axe.
You hear a shout!
A meat berserker comes into view. It is wielding a +9 battleaxe.
You hear a shout! x2
The destroyer hits you with a +9 great sword of slicing!!!!!
Ouch! That really hurt!
* * * LOW HITPOINT WARNING * * *
x2 The destroyer bites you.
You die...

=. #### .o. ...####
.##.#####......#
..................
...##.##..V........
............@.......
......#.#..§.)..#...
...........§§O####.
..........§ooo...o..
.........).)).o.Oo.o
................o.§O
..................o.
#.....))#.........o
#....)..#..........


You could see a destroyer, a meat berserker (berserk) and 6 bags of meat.

Vanquished Creatures
  5 ogres (D)
  A two-headed ogre (D)
  40 orcs (D)
46 creatures vanquished.

Notes
Turn   | Place    | Note
-------+----------+-------------------------------------------
     0 | D        | Found the +∞ Axe of Woe
     0 | D        | Gingerlord the Gargoyle Fighter began the quest for the
                  | Orb.
     0 | D        | Reached XP level 1. HP: 14/14 MP: 1/1
     1 | D        | Noticed a bag of meat
     1 | D        | Noticed a bag of meat
     3 | D        | Noticed a bag of meat
     3 | D        | Noticed a bag of meat
     6 | D        | Noticed a bag of meat
     8 | D        | Noticed a meat berserker
     9 | D        | Killed a bag of meat
     9 | D        | Reached XP level 2. HP: 37/37 MP: 2/2
     9 | D        | Reached XP level 3. HP: 42/42 MP: 3/3
     9 | D        | Reached XP level 4. HP: 48/48 MP: 4/4
     9 | D        | Reached XP level 5. HP: 53/53 MP: 5/5
     9 | D        | Reached XP level 6. HP: 59/59 MP: 6/6
     9 | D        | Reached XP level 7. HP: 64/64 MP: 7/7
     9 | D        | Reached XP level 8. HP: 69/69 MP: 8/8
     9 | D        | Reached XP level 9. HP: 74/74 MP: 9/9
     9 | D        | Reached XP level 10. HP: 80/80 MP: 10/10
     9 | D        | Reached XP level 11. HP: 85/85 MP: 11/11
     9 | D        | Reached XP level 12. HP: 91/91 MP: 12/12
     9 | D        | Killed a bag of meat
     9 | D        | Reached skill level 5 in Axes
     9 | D        | Reached XP level 13. HP: 100/100 MP: 13/13
     9 | D        | Noticed a bag of meat
    10 | D        | Noticed a bag of meat
    12 | D        | Became a worshipper of Makhleb the Destroyer
    12 | D        | Noticed a bag of meat
    12 | D        | Noticed a bag of meat
    13 | D        | Killed a bag of meat
    13 | D        | Reached skill level 10 in Unarmed Combat
    13 | D        | Gained mutation: Your large and strong wings let you fly
                  | indefinitely. [Gargoyle growth]
    13 | D        | Reached XP level 14. HP: 100/110 MP: 14/14
    13 | D        | Killed a meat berserker
    13 | D        | Reached * piety under Makhleb
    13 | D        | Reached XP level 15. HP: 108/119 MP: 15/15
    14 | D        | Reached skill level 10 in Axes
    14 | D        | Reached XP level 16. HP: 129/129 MP: 16/16
    16 | D        | Reached ** piety under Makhleb
    17 | D        | Reached skill level 27 in Fighting
    17 | D        | Reached skill level 15 in Axes
    17 | D        | Reached skill level 27 in Armour
    17 | D        | Reached skill level 27 in Shields
    17 | D        | Reached XP level 17. HP: 139/139 MP: 17/17
    18 | D        | Reached *** piety under Makhleb
    18 | D        | Reached skill level 15 in Unarmed Combat
    19 | D        | Reached XP level 18. HP: 145/145 MP: 18/18
    20 | D        | Noticed a meat berserker
    21 | D        | Reached **** piety under Makhleb
    24 | D        | Noticed a meat berserker
    25 | D        | Reached skill level 27 in Axes
    25 | D        | Reached XP level 19. HP: 151/151 MP: 19/19
    25 | D        | Killed a meat berserker
    25 | D        | Reached skill level 27 in Unarmed Combat
    25 | D        | Reached ***** piety under Makhleb
    25 | D        | Reached skill level 10 in Invocations
    28 | D        | Noticed a large bag of meat
    29 | D        | Noticed a meat berserker
    30 | D        | Reached skill level 10 in Dodging
    30 | D        | Noticed a meat berserker
    32 | D        | Killed a meat berserker
    32 | D        | Reached skill level 15 in Invocations
    32 | D        | Reached XP level 20. HP: 157/157 MP: 20/37
    33 | D        | Reached skill level 15 in Throwing
    33 | D        | Reached skill level 15 in Spellcasting
    33 | D        | Reached skill level 15 in Dodging
    34 | D        | Reached XP level 21. HP: 163/163 MP: 20/42
    34 | D        | Reached ****** piety under Makhleb
    36 | D        | Killed a meat berserker
    36 | D        | Reached XP level 22. HP: 169/169 MP: 21/47
    36 | D        | Reached skill level 27 in Stealth
    38 | D        | Reached skill level 27 in Invocations
    38 | D        | Reached XP level 23. HP: 175/175 MP: 21/51
    39 | D        | Killed a large bag of meat
    39 | D        | Reached skill level 27 in Throwing
    39 | D        | Reached skill level 27 in Dodging
    39 | D        | Reached skill level 27 in Spellcasting
    39 | D        | Noticed a destroyer
    40 | D        | Reached XP level 24. HP: 181/181 MP: 22/54
    43 | D        | Reached XP level 25. HP: 187/187 MP: 23/54
    44 | D        | HP: 4/187 [destroyer/+9 great sword of slicing (30)]
    44 | D        | Slain by a destroyer

Skill      XL: |  1  2  3  4  5  6  7  8  9 10 11 12 13 14 15 16 17 18 19 20 21 22 23 |
---------------+----------------------------------------------------------------------+-----
Fighting       | 17 19 21 23 25 27 | 27.0
Axes           | 3 5 6 9 11 15 23 27 | 27.0
Armour         | 17 19 21 23 25 27 | 27.0
Shields        | 17 19 21 23 24 27 | 27.0
Unarmed Combat | 8 9 10 12 14 17 25 27 | 27.0
Throwing       | 13 17 21 24 27 | 27.0
Dodging        | 12 16 19 22 27 | 27.0
Stealth        | 17 21 26 27 | 27.0
Spellcasting   | 13 17 21 24 27 | 27.0
Invocations    | 15 20 24 27 | 27.0

Action                   |  1- 3 |  4- 6 |  7- 9 | 10-12 | 13-15 | 16-18 | 19-21 | 22-24 | 25-27 || total
-------------------------+-------+-------+-------+-------+-------+-------+-------+-------+-------++-------
Melee: Executioner's axe |     1 |       |       |       |     2 |     7 |     6 |     5 |       ||    21
Armor: Scale mail        |       |       |       |       |       |       |       |     2 |       ||     2
Dodge: Dodged            |       |       |       |       |     1 |       |       |       |       ||     1
